 Dungeon Crawl Stone Soup version 0.30.0-5-g1a98f26d00 (webtiles) character file.

Game seed: 12656448811994393028

27 CaptainMV the Shooter (level 3, 0/20 HPs)
             Began as a Kobold Hexslinger on May 12, 2023.
             Slain by a worm (10 damage)
             ... on level 2 of the Dungeon.
             The game lasted 00:07:28 (899 turns).

CaptainMV the Shooter (Kobold Hexslinger)            Turns: 899, Time: 00:07:29

Health: 0/20       AC:  2    Str:  7    XL:     3   Next: 25%
Magic:  4/4        EV: 15    Int: 14    God:
Gold:   19         SH:  0    Dex: 17    Spells: 3/4 levels left

rFire   . . .        a - +1 sling
rCold   . . .        (no shield)
rNeg    . . .        c - +0 robe
rPois   .            (no helmet)
rElec   .            (no cloak)
rCorr   .            (no gloves)
SInv    .            (no boots)
Will    .....        (no amulet)
Stlth   +++          (no ring)
HPRegen 0.23/turn    (no ring)
MPRegen 0.09/turn

%: no passive effects
@: no status effects
A: small, no large weapons, nightstalker 3
a: no special abilities


You were on level 2 of the Dungeon.
You visited 1 branch of the dungeon, and saw 2 of its levels.

You collected 19 gold pieces.

Inventory:

Hand Weapons
 a - a +1 sling (weapon)
Missiles
 f - 2 boomerangs
Armour
 c - a +0 robe (worn)
Scrolls
 b - a scroll of poison
 g - a scroll of identify
Potions
 d - a potion of ambrosia
 e - a potion of magic {unknown}


   Skills:
 + Level 1.2 Fighting
 + Level 3.7 Ranged Weapons
 + Level 2.9 Dodging
 + Level 0.6 Stealth
 + Level 1.1 Spellcasting
 + Level 3.2 Hexes


You had 3 spell levels left.
You knew the following spells:

 Your Spells              Type           Power      Damage    Failure   Level
a - Slow                  Hex            36%        N/A       7%          1

Your spell library contained the following spells:

 Spells                   Type           Power      Damage    Failure   Level
 Inner Flame              Hex/Fire       5%         N/A       38%         3
 Portal Projectile        Hex/Tloc       10%        N/A       38%         3
 Cause Fear               Hex            4%         N/A       56%         4
 Alistair's Intoxication  Tmut/Pois      0%         N/A       100%        5
 Borgnjor's Vile Clutch   Necr/Erth      0%         N/A       100%        5
 Eringya's Noxious Bog    Tmut/Pois      0%         N/A       100%        6


Dungeon Overview and Level Annotations

Branches:
Dungeon (2/15)

Altars:


Innate Abilities, Weirdness & Mutations

You are small and have problems with some larger weapons.
You are completely attuned to the shadows.


Message History

Fire: a) +1 sling
Press: ? - help, Q - select action, (/) - cycle Shift-Dir - straight line, f/p - endoplasm
Aim: an endoplasm (86% to hit)
You shoot a sling bullet. The sling bullet hits the endoplasm.
The endoplasm is lightly wounded.
The endoplasm freezes you.
You are frozen.
Fire: a) +1 sling
Press: ? - help, Q - select action, (/) - cycle Shift-Dir - straight line, f/p - endoplasm
Aim: an endoplasm (lightly wounded, 86% to hit)
You shoot a sling bullet. The sling bullet hits the endoplasm.
The endoplasm is heavily wounded.
The endoplasm freezes you.
You are frozen.
The endoplasm hits you but does no damage.
Fire: a) +1 sling
Press: ? - help, Q - select action, (/) - cycle Shift-Dir - straight line, f/p - endoplasm
Aim: an endoplasm (heavily wounded, 86% to hit)
You shoot a sling bullet. The sling bullet hits the endoplasm.
You kill the endoplasm!
Unknown command.
Fire: a) +1 sling
Press: ? - help, Q - select action, (/) - cycle Shift-Dir - straight line, f - worm
Aim: a worm (78% to hit)
You shoot a sling bullet.
The sling bullet barely misses the worm.
An endoplasm comes into view.
Fire: a) +1 sling
Press: ? - help, Q - select action, (/) - cycle Shift-Dir - straight line, f/p - worm
Aim: a worm (78% to hit)
You shoot a sling bullet. The sling bullet hits the worm.
The worm is moderately wounded.
Fire: a) +1 sling
Press: ? - help, Q - select action, (/) - cycle Shift-Dir - straight line, f/p - worm
Aim: a worm (moderately wounded, 78% to hit)
You shoot a sling bullet. The sling bullet hits the worm.
The worm is moderately wounded.
The worm bites you!
Ouch! That really hurt!
You die...

....#......
#...)†.....
###.#.##.....
....#.#.##..#..
..#...)....># .
........##..#
..............
....~....#.....
...w@J.#.....#.
.~~....#...
.~~........
.........
....~....


You could see a worm and an endoplasm.

Vanquished Creatures
  A dart slug (D:2)
  2 bats (D:1)
  2 endoplasms (D:2)
  A giant cockroach (D:1)
  A hobgoblin (D:1)
  3 jackals (D:2)
  A quokka (D:2)
  3 ball pythons
  3 frilled lizards
  2 goblins
  2 kobolds (D:2)
  3 rats (D:1)
24 creatures vanquished.

Notes
Turn   | Place    | Note
-------+----------+-------------------------------------------
     0 | D:1      | CaptainMV the Kobold Hexslinger began the quest for the
                  | Orb.
     0 | D:1      | Reached XP level 1. HP: 12/12 MP: 2/2
   473 | D:1      | Reached XP level 2. HP: 7/16 MP: 3/3
   864 | D:2      | Reached XP level 3. HP: 16/20 MP: 4/4
   899 | D:2      | Slain by a worm

Illustrated notes

Levels and vault maps discovered:
D:1:      minmay_arrival_stone_box, layout_loops_corners
D:2:      layout_loops_ring, skrybe_limestone_x, uniq_crazy_yiuf_cottage

Skill      XL: |  1 |
---------------+----+-----
Ranged Weapons | 3 |  3.7
Fighting       | |  1.2
Dodging        | |  2.9
Stealth        | |  0.6
Spellcasting   | |  1.1
Hexes          | |  3.2

Action                     || total
---------------------------++-------
   Fire: Sling             ||    59
    Use: Scroll            ||     2
 Armour: Robe              ||     5
  Dodge: Dodged            ||    34
